 Dungeon Crawl Stone Soup version 0.17.0-26-gececa24 (webtiles) character file.

3269 MDvedh the Basher (level 10, -11/102 (103) HPs)
             Began as an Octopode Berserker on Nov 19, 2015.
             Was an Elder of Trog.
             Mangled by blami's ghost (30 damage)
             ... on level 8 of the Dungeon.
             The game lasted 00:15:04 (8781 turns).

MDvedh the Basher (Octopode Berserker)              Turns: 8781, Time: 00:15:04

HP:   -11/102 (103) AC:  1    Str: 21    XL:     10   Next: 0%
MP:   9/9           EV: 13    Int: 10    God:    Trog [****..]
Gold: 473           SH:  0    Dex: 15    Spells: 0 memorised, 9 levels left

rFire  . . .     SeeInvis .     j - +0 morningstar (venom)
rCold  . . .     Clarity  .     (no shield)
rNeg   . . .     SustAt   .     (helmet restricted)
rPois  .         Gourm    .     (no amulet)
rElec  .         Spirit   .     y - ring of stealth
rCorr  .         Warding  .     (no ring)
rMut   .         Stasis   .     (no ring)
MR     .....                    (no ring)
Stlth  ..........               (no ring)
                                (no ring)
                                (no ring)
                                (no ring)

@: berserking (expiring), very quick, not resistant to hostile enchantments,
extremely unstealthy
A: almost no armour, amphibious, 8 rings, constrict 8, camouflage 1, low mp 1,
robust 1, spit poison 1, gelatinous body 1
a: Spit Poison, Berserk, Trog's Hand, Brothers in Arms, Burn Spellbooks,
Renounce Religion


You were on level 8 of the Dungeon.
You worshipped Trog.
Trog was greatly pleased with you.
You were very hungry.

You visited 1 branch of the dungeon, and saw 8 of its levels.
You also visited: Sewer and Ossuary.

You collected 473 gold pieces.

Inventory:

Hand Weapons
 j - a +0 morningstar of venom (weapon)
 x - a +1 flail
Armour
 k - a +1 buckler
Jewellery
 g - an uncursed amulet of stasis
 y - a ring of stealth (left tentacle)
Wands
 a - a wand of random effects (17)
 q - a wand of lightning (1)
 s - a wand of magic darts (36)
 C - a wand of frost (13)
Scrolls
 e - 4 scrolls of remove curse
 f - a scroll of enchant weapon
 h - 2 scrolls of identify
 r - a scroll of fear {unknown}
 t - 6 scrolls of teleportation
 z - a scroll of fog
Potions
 c - 2 potions of lignification
 d - 4 potions of flight
 i - 2 potions of resistance {unknown}
 l - a potion of cancellation
 m - 4 potions of might {unknown}
 n - a potion of brilliance {unknown}
 o - 2 potions of degeneration {unknown}
 w - a potion of haste {unknown}
 A - a potion of agility
Comestibles
 b - 6 bread rations
 p - 2 fruits
 v - 2 beef jerkies
 B - a meat ration


   Skills:
 - Level 3.0 Fighting
 + Level 13.5 Maces & Flails
 - Level 3.0 Dodging


You had 9 spell levels left.
You didn't know any spells.

Dungeon Overview and Level Annotations

Branches:
Dungeon (8/15)             Temple (0/1) D:4
   Lair: D:8-11

Altars:
Ashenzari
Cheibriados
Elyvilon
Makhleb
Okawaru
Xom
Yredelemnul

Annotations:
D:8 blami's ghost, novice TrMo


Innate Abilities, Weirdness & Mutations

You cannot wear most types of armour.
You are amphibious.
You can wear up to eight rings at the same time.
You can use your tentacles to constrict eight enemies at once.
Your skin changes colour to match your surroundings (Stealth).
Your rubbery body absorbs attacks (AC +1).
Your magical capacity is low (-10% MP).
You are robust (+10% HP).
You can spit weak poison.


Message History

The hippogriff misses you. x2
The hippogriff completely misses you.
You hit the hippogriff.
The hippogriff is poisoned.
The hippogriff is lightly wounded.
You barely miss the hippogriff.
The hippogriff is lightly wounded.
The hippogriff bites you! The hippogriff barely misses you.
The hippogriff claws you! Blami's ghost hits you!
* * * LOW HITPOINT WARNING * * *
Unknown command.
You sock the hippogriff!
The hippogriff looks even sicker.
The hippogriff is moderately wounded.
The hippogriff bites you!
* * * LOW HITPOINT WARNING * * *
The hippogriff barely misses you. The hippogriff misses you.
Unknown command.
You barely miss the hippogriff.
The hippogriff is moderately wounded.
Blami's ghost hits you!!
You die...

#.................#
#................###.
.........>......###..
...#............#....
. ##..........#.(...
....##..............
........#...........
#.......>...........
#...........@†......
##.###......HW......
#. ###............
####......###
###....# #..## .## .#


You could see a hippogriff and blami's ghost.

Vanquished Creatures
  Erica (D:8)
  Grinder (D:3)
  A hungry ghost (D:8)
  An orc warrior (D:7)
  Duvessa (D:4)
  A necrophage (D:7)
  A sky beast (D:6)
  3 phantoms
  2 ice beasts
  3 ogres
  A centaur (D:7)
  A big kobold (D:4)
  A scorpion (D:4)
  Dowan (D:4)
  A water moccasin skeleton (D:4)
  2 orc wizards (D:7)
  3 crimson imps (D:6)
  3 jellies
  A hound (D:6)
  An orc priest (D:4)
  2 sirens (Sewer)
  A merfolk avatar (Sewer)
  A killer bee zombie (D:6)
  4 worker ants
  4 hound skeletons
  A mummy (Ossuary)
  4 river rats (Sewer)
  13 adders
  4 gnolls (D:3)
  2 oozes
  An adder skeleton (D:5)
  3 adder zombies
  A worm (D:2)
  5 giant geckos
  18 orcs
  7 giant cockroaches
  10 hobgoblins
  10 jackals
  4 kobolds (D:3)
  5 quokkas
  4 ball pythons
  6 bats
  15 giant newts
  8 goblins
  2 hobgoblin zombies (Ossuary)
  2 kobold zombies (Ossuary)
  A quokka skeleton (D:5)
  2 quokka zombies (Ossuary)
  32 rats
  3 rat zombies (Ossuary)
205 creatures vanquished.

Notes
Turn   | Place    | Note
--------------------------------------------------------------
     0 | D:1      | MDvedh the Octopode Berserker began the quest for the Orb.
     0 | D:1      | Reached XP level 1. HP: 16/16 MP: 1/1
   148 | D:1      | Reached XP level 2. HP: 18/21 MP: 2/2
   459 | D:1      | Reached skill level 4 in Maces & Flails
   649 | D:2      | Reached XP level 3. HP: 19/26 MP: 3/3
  1197 | D:2      | Found a snail-covered altar of Cheibriados.
  1201 | D:2      | Reached ** piety under Trog
  1450 | D:2      | Reached XP level 4. HP: 31/31 MP: 4/4
  1562 | D:3      | Found a faded altar to an unknown god.
  1574 | D:3      | Noticed Grinder
  1586 | D:3      | Killed Grinder
  1586 | D:3      | Reached skill level 6 in Maces & Flails
  1586 | D:3      | Reached XP level 5. HP: 28/36 MP: 5/5
  1586 | D:3      | Reached XP level 6. HP: 32/42 MP: 6/6
  1909 | D:3      | Reached skill level 7 in Maces & Flails
  2182 | D:3      | Found a white marble altar of Elyvilon.
  2455 | D:3      | Found a burning altar of Makhleb.
  2652 | D:4      | Reached XP level 7. HP: 28/46 MP: 7/7
  2799 | D:4      | Noticed Dowan
  2800 | D:4      | Noticed Duvessa
  2804 | D:4      | Killed Dowan
  2804 | D:4      | Reached skill level 8 in Maces & Flails
  2808 | D:4      | Killed Duvessa
  3071 | D:4      | Found a glowing drain.
  3077 | D:4      | Reached *** piety under Trog
  3086 | Sewer    | Entered a sewer
  3673 | Sewer    | Reached **** piety under Trog
  3692 | Sewer    | Noticed a drowned soul
  3693 | Sewer    | Noticed a drowned soul
  3694 | Sewer    | Noticed a drowned soul
  3696 | Sewer    | Noticed a drowned soul
  3696 | Sewer    | Noticed a drowned soul
  3894 | Sewer    | Reached skill level 9 in Maces & Flails
  4203 | D:4      | Reached XP level 8. HP: 42/52 MP: 8/8
  4332 | D:4      | Found a staircase to the Ecumenical Temple.
  4379 | D:4      | Found a basalt altar of Yredelemnul.
  4726 | D:5      | Entered Level 5 of the Dungeon
  4817 | D:5      | Found a sand-covered staircase.
  4849 | Ossuary  | Entered an ossuary
  4973 | Ossuary  | Noticed BLOAX's ghost (amateur VSTm)
  5051 | Ossuary  | Reached skill level 10 in Maces & Flails
  6513 | D:6      | Found a shattered altar of Ashenzari.
  6664 | D:6      | Gained mutation: You are clumsy. (Dex -2) [mutagenic meat]
  6665 | D:6      | Gained mutation: Your magical capacity is low (-10% MP). [mutagenic meat]
  6666 | D:6      | Lost mutation: You are clumsy. (Dex -2) [mutagenic meat]
  6667 | D:6      | Gained mutation: You can spit weak poison. [mutagenic meat]
  6668 | D:6      | Gained mutation: You are robust (+10% HP). [mutagenic meat]
  6731 | D:6      | Reached skill level 11 in Maces & Flails
  6968 | D:6      | Reached XP level 9. HP: 41/61 MP: 8/8
  7256 | D:6      | Found an iron altar of Okawaru.
  7665 | D:7      | Reached skill level 12 in Maces & Flails
  8555 | D:7      | Found a shimmering altar of Xom.
  8764 | D:8      | Noticed Erica
  8770 | D:8      | Noticed blami's ghost (novice TrMo)
  8775 | D:8      | Killed Erica
  8775 | D:8      | Reached skill level 13 in Maces & Flails
  8775 | D:8      | Reached XP level 10. HP: 68/68 MP: 9/9
  8781 | D:8      | Mangled by blami's ghost

Action                   |  1- 3 |  4- 6 |  7- 9 | 10-12 || total
-------------------------+-------+-------+-------+-------++-------
Melee: Mace              |    68 |    49 |       |       ||   117
       Flail             |       |    33 |    84 |       ||   117
       Morningstar       |       |       |   209 |     6 ||   215
Invok: Berserk           |       |     3 |     5 |       ||     8
       Trog's Hand       |       |     1 |       |       ||     1
       Burn Spellbooks   |       |       |     1 |       ||     1
  Use: Scroll            |       |     7 |     6 |       ||    13
       Potion            |       |       |     2 |       ||     2
 Stab: Sleeping          |     5 |     2 |    16 |       ||    23
  Eat: Chunk             |     1 |     8 |    21 |       ||    30
       Meat ration       |       |       |     1 |       ||     1
       Pizza             |       |       |     1 |       ||     1
       Bread ration      |       |       |     1 |       ||     1
